Map: Interloper LE

Players

Shemerson

  • Race: Protoss Protoss
  • League: Gold
  • Spawn Location: 11:00

Yata - Winner!

  • Race: Zerg Zerg
  • League: Gold
  • Spawn Location: 5:00

VOD

Have the link to the VOD?

Description

Time

  • Played on: Sept. 8, 2017, 9:04 p.m.
  • Length: 16:33
Show
View Real Time Build Order
Export as new Build Order

Shemerson Protoss 

Build Orders:  

Get SALT Encoding   

  12  0:01  Probe (Chrono Boost)  
  13  0:11  Probe (Chrono Boost)  
  14  0:23  Probe (Chrono Boost)  
  14  0:24  Pylon  
  15  0:42  Probe (Chrono Boost)  
  16  0:46  Gateway  
  16  0:53  Probe (Chrono Boost)  
  17  1:00  Forge  
  17  1:03  Probe (Chrono Boost)  
  18  1:14  Probe (Chrono Boost)  
  18  1:17  Gateway  
  19  1:22  Assimilator  
  19  1:24  Probe (Chrono Boost)  
  20  1:41  Pylon, Cybernetics Core  
  20  1:43  Probe (Chrono Boost)  
  21  1:52  Assimilator  
  21  1:54  Zealot  
  23  2:02  Probe (Chrono Boost)  
  24  2:10  Photon Cannon  
  24  2:13  Probe (Chrono Boost)  
  25  2:20  Warp Gate (Chrono Boost)  
  25  2:24  Probe (Chrono Boost)  
  26  2:36  Adept  
  28  2:37  Adept  
  30  2:48  Pylon  
  30  2:55  Pylon  
  30  3:06  Mothership Core (Chrono Boost)  
  32  3:13  Robotics Facility  
  32  3:20  Protoss Ground Weapons Level 1 (Chrono Boost)  
  32  3:25  Probe  
  33  3:41  Gateway  
  33  3:43  Probe  
  33  3:48  Gateway  
  34  4:11  Nexus  
  34  4:12  Warp Prism (Chrono Boost)  
  34  4:16  Probe  
  37  4:23  Pylon  
  37  4:44  Observer (Chrono Boost)  
  38  4:53  Sentry, Stalker  
  38  4:54  Sentry  
  38  4:55  Stalker  
  38  4:58  Probe  
  47  5:05  Observer (Chrono Boost)  
  47  5:07  Protoss Ground Armor Level 1  
  48  5:15  Pylon  
  48  5:20  Pylon  
  48  5:21  Gateway  
  48  5:22  Gateway  
  48  5:23  Probe  
  49  5:29  Assimilator  
  49  5:36  Assimilator  
  47  5:43  Stalker  
  47  5:44  Sentry  
  51  5:52  Probe  
  51  5:55  Twilight Council, Probe  
  53  6:06  Zealot  
  53  6:07  Zealot, Sentry  
  59  6:11  Zealot  
  59  6:13  Probe  
  59  6:15  Probe  
  63  6:25  Probe x2  
  64  6:29  Observer (Chrono Boost)  
  66  6:33  Zealot  
  66  6:35  Zealot  
  66  6:36  Zealot, Probe  
  66  6:38  Probe  
  72  6:47  Probe  
  72  6:50  Probe  
  74  6:54  Pylon  
  74  6:55  Observer (Chrono Boost)  
  74  7:01  Zealot  
  77  7:02  Probe  
  77  7:04  Probe  
  79  7:13  Probe  
  79  7:14  Immortal (Chrono Boost)  
  84  7:16  Dark Shrine, Probe  
  84  7:21  Zealot  
  87  7:23  Probe  
  87  7:24  Sentry  
  87  7:26  Zealot  
  92  7:32  Stalker, Charge (Chrono Boost)  
  94  7:39  Pylon  
  94  7:42  Pylon  
  94  7:51  Protoss Ground Weapons Level 2 (Chrono Boost)  
  94  8:00  Zealot  
  94  8:01  Zealot  
  94  8:02  Sentry  
  94  8:04  Zealot  
  94  8:05  Zealot  
  104  8:20  Zealot  
  104  8:27  Zealot  
  104  8:28  Sentry x2  
  110  8:41  Pylon  
  110  8:44  Pylon  
  110  8:46  Pylon  
  110  9:00  Zealot, Sentry x2  
  110  9:01  Zealot  
  118  9:09  Sentry, Stalker  
  112  9:29  Warp Prism  
  104  9:37  Nexus  
  78  9:47  Pylon  
  78  9:50  Pylon  
  78  9:52  Pylon, Photon Cannon  
  78  9:54  Pylon  
  78  9:55  Photon Cannon  
  78  9:59  Stalker  
  80  10:00  Stalker x2  
  80  10:01  Stalker  
  80  10:03  Stalker  
  80  10:04  Stalker  
  89  10:26  Stalker x2  
  89  10:27  Stalker x2  
  97  10:29  Stalker x2  
  99  10:52  Dark Templar  
  99  10:53  Dark Templar x2  
  99  10:54  Dark Templar x2  
  109  10:58  Zealot  
  99  11:27  Blink  
  99  11:28  Zealot, Sentry  
  99  11:29  Stalker  
  99  11:30  Stalker  
  107  11:38  Shadow Stride (Chrono Boost)  
  107  11:41  Zealot x2  
  111  11:54  Zealot  
  111  11:55  Zealot x3  
  83  12:22  Zealot x2  
  63  12:23  Zealot  
  63  12:24  Zealot x2  
  63  12:25  Zealot  
  63  12:28  Immortal  
  67  12:51  Nexus  
  53  13:11  Pylon  
  53  13:13  Pylon  
  53  13:29  Sentry x3  
  53  13:30  Sentry x3  
  65  13:40  Assimilator  
  65  13:44  Assimilator  
  64  13:53  Sentry  
  64  13:54  Zealot, Stalker  
  64  13:55  Stalker x2  
  74  14:03  Probe x2  
  63  14:34  Probe  
  63  14:35  Probe x2  
  65  14:47  Probe x2  
  65  14:51  Nexus  
  67  14:58  Pylon  
  67  15:03  Probe  
  68  15:11  Dark Templar  
  70  15:14  Probe  
  70  15:18  Pylon  
  70  15:21  Sentry  
  73  15:25  Observer (Chrono Boost), Probe (Chrono Boost)  
  75  15:32  Probe (Chrono Boost)  
  76  15:40  Probe (Chrono Boost)  
  77  15:43  Observer, Probe (Chrono Boost)  
  79  15:51  Probe (Chrono Boost)  
  72  15:59  Dark Templar  
  72  16:00  Dark Templar  
Show
View Real Time Build Order
Export as new Build Order

Yata Zerg - Winner!

Build Orders: Hatch First, Muta Ling Bane 

Get SALT Encoding   

  12  0:01  Drone  
  13  0:15  Overlord  
  14  0:21  Drone  
  14  0:33  Drone x2  
  16  0:37  Drone  
  17  0:59  Hatchery  
  17  1:00  Drone x2  
  18  1:14  Extractor  
  17  1:20  Spawning Pool  
  17  1:22  Drone x2  
  18  1:30  Drone  
  19  1:46  Overlord  
  19  1:56  Drone  
  20  2:04  Drone  
  21  2:15  Zergling x4  
  23  2:16  Queen  
  23  2:17  Queen  
  23  2:19  Metabolic Boost  
  27  2:25  Drone x2  
  29  2:35  Overlord  
  29  2:40  Drone  
  30  2:48  Drone x2, Baneling Nest  
  30  2:49  Evolution Chamber  
  30  2:56  Drone x2  
  32  3:07  Zergling x4  
  33  3:20  Zergling x4  
  33  3:23  Burrow  
  33  3:26  Overlord  
  35  3:34  Overlord  
  35  3:40  Zergling x2  
  36  3:45  Zergling x2  
  36  3:46  Zergling x10  
  42  3:50  Extractor  
  42  3:53  Drone  
  42  4:03  Spore Crawler  
  42  4:04  Spore Crawler  
  42  4:05  Drone x2  
  42  4:06  Drone x2  
  42  4:09  Overlord  
  44  4:11  Drone x2  
  44  4:12  Drone  
  47  4:19  Zerg Melee Weapons Level 1  
  47  4:24  Zergling x4  
  49  4:30  Zergling x4  
  51  4:32  Baneling  
  51  4:33  Baneling x2  
  51  4:41  Extractor  
  51  4:42  Extractor, Drone x2  
  51  4:57  Drone  
  51  4:58  Drone x6  
  58  5:09  Drone x2  
  60  5:18  Overlord  
  60  5:35  Queen x2  
  60  5:42  Drone x5  
  68  5:47  Overlord x2  
  68  5:59  Hatchery  
  66  6:05  Baneling x3  
  66  6:06  Baneling x2  
  66  6:12  Zergling x2  
  66  6:13  Zergling x12  
  66  6:17  Lair  
  73  6:41  Hatchery  
  67  6:51  Zerg Ground Armor Level 1  
  67  7:20  Spire  
  67  7:21  Spire  
  65  7:24  Overseer  
  65  7:27  Pneumatized Carapace  
  65  7:32  Drone x9  
  74  7:40  Overseer  
  74  7:44  Centrifical Hooks  
  74  7:47  Zergling x16  
  74  7:48  Zergling x14  
  74  7:50  Baneling x3  
  74  7:51  Baneling x5  
  89  7:56  Spore Crawler  
  88  8:03  Drone x7  
  88  8:04  Overlord  
  88  8:05  Overlord x3  
  74  8:37  Mutalisk  
  74  8:38  Mutalisk x7  
  90  8:48  Mutalisk  
  86  9:21  Zergling x26  
  86  9:22  Zergling x6  
  100  9:31  Zergling x4  
  92  9:39  Zergling x4  
  92  9:42  Lair  
  92  9:43  Spawning Pool  
  91  9:53  Zergling x8  
  91  9:59  Lair  
  95  10:05  Zergling x6, Hatchery  
  87  10:17  Zergling x8  
  87  10:23  Zergling x2  
  88  10:34  Zergling x2  
  88  10:35  Zergling x6  
  92  10:52  Zergling x6  
  92  10:53  Zergling x2  
  96  10:57  Infestation Pit  
  96  11:00  Spawning Pool  
  94  11:05  Spire  
  83  11:31  Hatchery  
  82  11:37  Zergling x24  
  94  11:40  Baneling x7  
  94  11:41  Baneling x6  
  94  11:42  Baneling  
  94  11:44  Queen  
  94  11:45  Queen  
  98  11:54  Zergling x4  
  98  11:55  Zergling x4  
  98  11:58  Baneling x7  
  86  12:19  Zergling x2  
  86  12:20  Zergling x12  
  88  12:27  Zergling x4  
  88  12:42  Zergling x2  
  88  12:43  Zergling x8  
  80  12:55  Mutalisk  
  80  12:56  Mutalisk x4  
  90  13:01  Drone x3  
  93  13:17  Drone  
  93  13:18  Drone x6  
  100  13:22  Spore Crawler  
  99  13:31  Zergling x2  
  99  13:32  Baneling Nest  
  99  13:43  Overseer  
  99  13:59  Queen  
  99  14:01  Queen  
  105  14:04  Hive  
  76  14:38  Zergling x2  
  76  14:39  Zergling x42  
  76  14:40  Zergling x2  
  99  14:52  Overlord x4  
  99  15:18  Drone x2  
  99  15:20  Zergling x12  
  99  15:21  Zergling x16  
  113  15:32  Evolution Chamber x2  
  113  15:35  Zergling x2  
  112  15:36  Zergling x6  
  115  15:48  Baneling x4  
  115  15:49  Baneling x7  
  109  16:15  Zergling x22  
Tags
 
Composition
Muta Ling Bane
League
GoldGold
Matchup
PvZ
Replay Pack
Pack 1
Spawn Locations
Cross Positions
Add a new tag
Caveats
  • Supply blocks, unpowered buildings, or Contaminate may cause inaccurate times.
  • Supply counts are checked every 10 seconds.